Selects Australian Defense Battlegroup
Selects Australian Light Infantry Section
Australian Light Infantry Section
Construct Section Command Post
Australian Light Infantry Section
Australian Light Infantry Section
Construct Platoon Command Post
Selects 2-pounder Anti-tank Gun Team
2-pounder Anti-tank Gun Team
Unlock M3 Stuart Light Tanks
Selects CMP 15cwt Supply Run
Selects Reinforced Resource Caches
Construct Field Infirmary
Unlock Bishop Self-propelled Artillery
2-pounder Anti-tank Gun Team
Bishop Self-propelled Artillery
Bishop Self-propelled Artillery
Selects Reinforced Resource Caches
Selects Archer Tank Destroyer